 Dungeon Crawl Stone Soup version 0.29.0-11-gd7f09526c8 (webtiles) character file.

Game seed: 5863211118946769641

84 pacmanke6689 the Trooper (level 4, -1/35 HPs)
             Began as a Demonspawn Fighter on Sept 2, 2022.
             Slain by a gnoll
             ... wielding a +0 flail
              (5 damage)
             ... on level 3 of the Dungeon.
             The game lasted 00:05:40 (1672 turns).

pacmanke6689 the Trooper (Demonspawn Fighter)       Turns: 1672, Time: 00:05:41

Health: -1/35      AC: 11    Str: 18    XL:     4   Next: 23%
Magic:  4/4        EV: 10    Int: 10    God:
Gold:   128        SH:  4    Dex: 12    Spells: 3/3 levels left

rFire   . . .      SeeInvis .   a - +0 war axe
rCold   . . .      Faith    .   c - +0 buckler
rNeg    . . .      Spirit   .   k - +0 plate armour
rPois   .          Reflect  .   (helmet restricted)
rElec   .          Harm     .   h - scarf {repulsion}
rCorr   .          Rampage  .   (no gloves)
Will    .....                   (no boots)
Stlth   ..........              (no amulet)
HPRegen 0.11/turn               (no ring)
MPRegen 0.09/turn               (no ring)

@: agile, repel missiles
A: horns 1, powered by pain 1
a: no special abilities


You were on level 3 of the Dungeon.
You visited 1 branch of the dungeon, and saw 3 of its levels.

You collected 128 gold pieces.

Inventory:

Hand Weapons
 a - a +0 war axe (weapon)
Armour
 b - a +0 scale mail
 c - a +0 buckler (worn)
 h - a scarf of repulsion (worn)
 k - a +0 plate armour (worn)
 r - a +0 helmet
Jewellery
 i - a ring of ice
Scrolls
 e - a scroll of immolation
 f - a scroll of fear
 g - a scroll of fog {unknown}
 j - 2 scrolls of teleportation
 l - a scroll of silence {unknown}
 m - 2 scrolls of enchant armour {unknown}
 n - a scroll of vulnerability {unknown}
Potions
 d - a potion of might
 o - 2 potions of attraction {unknown}
 p - 2 potions of magic {unknown}
 q - a potion of heal wounds {unknown}


   Skills:
 + Level 3.5 Fighting
 * Level 2.8 Axes
 + Level 3.1 Armour
 + Level 3.2 Shields


You had 3 spell levels left.
You didn't know any spells.
Your spell library contained the following spells:

 Spells                   Type           Power      Damage    Failure   Level
 Sandblast                Erth           0%         2d4       100%        1
 Passwall                 Tmut/Erth      0%         N/A       100%        2
 Ignite Poison            Fire/Tmut/Pois 0%         N/A       100%        3
 Mephitic Cloud           Conj/Pois/Air  0%         N/A       100%        3
 Stone Arrow              Conj/Erth      0%         3d7       100%        3
 Freezing Cloud           Conj/Ice/Air   0%         6-21      100%        5


Dungeon Overview and Level Annotations

Branches:
Dungeon (3/15)

Altars:


Innate Abilities, Weirdness & Mutations

You have a pair of small horns on your head.
You sometimes gain a little power by taking damage.


Message History

The gnoll shouts!
You slash the gnoll!
The gnoll is severely wounded.
The gnoll hits you with a +0 flail.
A gnoll comes into view. It is wielding a +0 flail.
You closely miss the gnoll.
The gnoll is severely wounded.
The gnoll shouts!
The gnoll completely misses you.
A gnoll comes into view. It is wielding a +0 halberd.
The gnoll barely misses you.
You completely miss the gnoll.
The gnoll is severely wounded.
The gnoll shouts!
The gnoll hits you but does no damage.
You slash the gnoll!
You kill the gnoll!
The gnoll hits you but does no damage.
You have reached level 4!
You feel clever.
Your demonic ancestry asserts itself...
A pair of horns grows on your head!
Your +0 helmet falls away!
You hit the gnoll.
The gnoll is lightly wounded.
The gnoll barely misses you.
Sorry, you're not good enough to have a special ability.
You slash the gnoll!
You kill the gnoll!
You hit the gnoll. You headbutt the gnoll!
The gnoll is severely wounded.
The gnoll hits you with a +0 flail!
You focus on the pain.
You feel agile all of a sudden. The gnoll closely misses you.
The gnoll hits you from afar with a +0 halberd.
The gnoll hits you with a +0 flail.
* * * LOW HITPOINT WARNING * * *
The gnoll attacks as you move away! The gnoll hits you with a +0 flail.
* * * LOW HITPOINT WARNING * * *
The gnoll attacks as you move away! The gnoll hits you with a +0 flail.
You die...

#.# #.# #)# #.# . #.###.##
.. #.#..... #.. #.#.#.#.
.... #.#.#.#. .....
#########...#.#.
......#####........####.#.
#>)gg@'........+ ..#.
#######........# ###.
#........# #. #........#
#. #........# #.
########## #. #. #.
############### #.


You could see 2 gnolls.

Vanquished Creatures
  2 gnolls (D:3)
  2 adders
  A worm (D:2)
  3 ball pythons
  2 endoplasms (D:2)
  2 giant cockroaches
  8 goblins
  3 hobgoblins
  2 quokkas
  4 bats
  3 frilled lizards
  5 kobolds
  6 rats
43 creatures vanquished.

Notes
Turn   | Place    | Note
-------+----------+-------------------------------------------
     0 | D:1      | pacmanke6689 the Demonspawn Fighter began the quest for the
                  | Orb.
     0 | D:1      | Reached XP level 1. HP: 18/18 MP: 1/1
   112 | D:1      | Gained mutation: You sometimes gain a little power by
                  | taking damage. [demonic ancestry]
   112 | D:1      | Reached XP level 2. HP: 22/24 MP: 2/2
   716 | D:2      | Reached XP level 3. HP: 28/29 MP: 3/3
  1313 | D:2      | Found a faded altar of an unknown god.
  1667 | D:3      | Gained mutation: You have a pair of small horns on your
                  | head. [demonic ancestry]
  1667 | D:3      | Reached XP level 4. HP: 31/35 MP: 4/4
  1672 | D:3      | Slain by a gnoll

Illustrated notes

Levels and vault maps discovered:
D:1:      heliophobic_arrival_ceremonial_halls, layout_rooms,
          hangedman_decor_clover_reticule
D:2:      layout_basic, hellmonk_ecumenical_altar_run_dry, minmay_pentomino_o4
D:3:      layout_basic, nicolae_gozag_seed_capital, gammafunk_ghost_cemetery,
          uniq_ijyb

Skill      XL: |  1  2 |
---------------+-------+-----
Shields        | 3 |  3.2
Armour         | 3 |  3.1
Axes           | 2 |  2.8
Fighting       | |  3.5

Action                   |  1- 3 |  4- 6 || total
-------------------------+-------+-------++-------
Melee: War axe           |   107 |     3 ||   110
       Headbutt          |       |     1 ||     1
  Use: Scroll            |     3 |       ||     3
Armor: Scale mail        |    36 |       ||    36
       Plate armour      |    54 |       ||    54
Dodge: Dodged            |    42 |     2 ||    44
Block: Buckler           |    25 |       ||    25
